 Dungeon Crawl Stone Soup version 0.20-a0-465-g6513c8f (webtiles) character file.

269092 ThermosAquaticus the Sniper (level 20, -10/153 HPs)
             Began as a Barachian Berserker on Jan 11, 2017.
             Was the Champion of Trog.
             Mangled by an ettin
             ... wielding a +3 dire flail
              (36 damage)
             ... on level 1 of the Vaults on Jan 12, 2017.
             The game lasted 02:12:47 (38709 turns).

ThermosAquaticus the Sniper (Barachian Berserker)  Turns: 38709, Time: 02:12:48

Health: -10/153    AC: 32    Str: 21    XL:     20   Next: 17%
Magic:  20/20      EV: 12    Int:  8    God:    Trog [******]
Gold:   3469       SH:  0    Dex: 15    Spells: 19/19 levels left

rFire  + . .     SeeInvis .     b - +7 triple crossbow (freeze)
rCold  + . .     Gourm    .     N - +7 plate armour "Ynyxt" {rCorr Int+2 Dex+2}
rNeg   . . .     Faith    .     (shield currently unavailable)
rPois  .         Spirit   .     f - +0 helmet
rElec  .         Reflect  .     w - +0 cloak
rCorr  +         Harm     .     Q - +2 pair of gloves {archery}
MR     +....                    x - +1 pair of boots
Stlth  ..........               K - amulet of regeneration
                                Z - ring of protection from cold
                                O - +3 ring of slaying

@: lethally poisoned (-10 -> -12), marked, slow
A: swims, fire resistance 1, sense surroundings 1, slowness 1, strong legs 2
}: 2/15 runes: decaying, gossamer
a: Hop, Berserk, Trog's Hand, Brothers in Arms, Burn Spellbooks, Renounce
Religion


You were on level 1 of the Vaults.
You worshipped Trog.
Trog was exalted by your worship.
You were not hungry.

You visited 6 branches of the dungeon, and saw 33 of its levels.
You also visited: Ice Cave.

You collected 3469 gold pieces.

Inventory:

Hand Weapons
 a - a +2 double sword of flaming
 b - a +7 triple crossbow of freezing (weapon)
 l - a +2 antimagic triple sword
 T - a +5 arbalest of freezing
 Y - a +0 blowgun
Missiles
 B - 356 bolts (quivered)
 J - 8 throwing nets
 X - 9 curare-tipped needles
Armour
 f - a +0 helmet (worn)
 w - a +0 cloak (worn)
 x - a +1 pair of boots (worn)
 N - the +7 plate armour "Ynyxt" (worn) {rCorr Int+2 Dex+2}
   (You found it on level 2 of the Spider Nest)

   It affects your intelligence (+2).
   It affects your dexterity (+2).
   It protects you from acid and corrosion.
 Q - a +2 pair of gloves of archery (worn)
 W - +0 fire dragon scales
Jewellery
 y - an uncursed ring of positive energy
 C - an uncursed ring of fire {unknown}
 F - an uncursed ring of protection from fire
 G - an uncursed ring of resist corrosion
 K - an amulet of regeneration (around neck)
 O - a +3 ring of slaying (left hand)
 Z - a ring of protection from cold (right hand)
Wands
 S - a wand of acid (5/15)
Scrolls
 e - a scroll of holy word
 i - 7 scrolls of recharging
 k - 7 scrolls of teleportation
 n - 4 scrolls of enchant armour
 q - 4 scrolls of blinking
 s - 17 scrolls of remove curse
 D - 6 scrolls of fear
 E - 4 scrolls of magic mapping
 I - 3 scrolls of brand weapon
 P - 13 scrolls of identify
Potions
 g - 4 potions of brilliance
 j - 3 potions of might
 p - 4 potions of cancellation
 u - 3 potions of haste
 z - 4 potions of curing
 A - 6 potions of invisibility
 H - 2 potions of resistance
 M - 4 potions of agility
 V - a potion of ambrosia
Miscellaneous
 o - a box of beasts
Comestibles
 c - 18 bread rations
 d - 28 fruits
 m - 15 meat rations
 v - 4 royal jellies
 L - 17 beef jerkies


   Skills:
 - Level 12.0 Fighting
 - Level 16.0 Long Blades
 + Level 22.5 Crossbows
 - Level 13.0 Armour
 - Level 10.8 Dodging


You had 19 spell levels left.
You didn't know any spells.

Dungeon Overview and Level Annotations

Branches:
Dungeon (15/15)            Temple (0/1) D:4            Lair (6/6) D:8
  Swamp (4/4) Lair:3       Spider (4/4) Lair:4        Slime (0/5) Lair:6
    Orc (2/2) D:11            Elf (0/3) Orc:2        Vaults (2/5) D:14
 Depths (0/5) D:15
  Crypt: Vaults:2-3

Altars:
Ashenzari
Dithmenos
Hepliaklqana
Nemelex Xobeh
Okawaru
Ru
Sif Muna
Yredelemnul
The Shining One
Beogh
Jiyva

Shops:
D:8 }   D:12 %   Orc:1 *   Orc:2 ([(=


Innate Abilities, Weirdness & Mutations

You can swim through water.
You cover ground slowly.
You can hop longer distances.
Your flesh is heat resistant. (rF+)
You passively map a small area around you.


Message History

The two-headed ogre hits you but does no damage.
The two-headed ogre closely misses you.
The ogre mage hits you but does no damage.
The two-headed ogre hits you but does no damage. x2
Firing (i - inventory. (,) - cycle):
B - 357 bolts (quivered)
Press: ? - help, Shift-Dir - straight line, f - ogre mage
Aim: an ogre mage, wearing a robe You shoot a bolt.
The bolt hits the ettin!!
The bolt freezes the ettin!
The ettin is severely wounded.
The ettin hits you with an enchanted dire flail!
The ettin hits you with a dire flail!
The two-headed ogre hits you with a giant club. x2
The ogre mage closely misses you.
Unknown command.
The ogre mage casts a spell at you. The bolt of poison hits you!
You are poisoned.
* * * LOW HITPOINT WARNING * * *
The ettin hits you with an enchanted dire flail!!!
You die...

.#.........#..#.###.#..'.......#.
.#.........#....# #....##'######.
.#.........#..#.###.#..#.........
.#.........#..#.....#..#.........
##.........#..###.###..#.........
##.........#...........'.........
##.........#...........#.........
##.........#####'#######.........
...........#..[)@..##............
...........##.)COO..##...........
####........##.OO....##..........
#.(.......##.(.O...##.........
#..........##.......##........
#...........##.......##.......
#............##.......#......[
#...........####'######.......
#...........#.......#.........


You could see an ettin, 3 two-headed ogres, an ogre mage and an ogre.

Vanquished Creatures
  Gastronok (D:8)
  Agnes (Spider:4)
  Kirke (Swamp:3)
  2 thorn hunters
  Donald (Spider:4)
  A frost giant (IceCv)
  7 emperor scorpions
  5 vault wardens (Vaults:1)
  3 ghost moths
  A war gargoyle (Vaults:2)
  A very ugly thing (Swamp:2)
  3 stone giants
  5 entropy weavers
  The ghost of Graouh the Fencer, a journeyman MiFi of Okawaru (D:15)
  A deep elf demonologist (Vaults:1)
  6 ironheart preservers
  A spark wasp (Spider:4)
  A dire elephant (Lair:6)
  Snorg (D:10)
  3 fire dragons
  2 yaktaur captains (Vaults:1)
  2 rakshasas
  2 ice dragons
  A catoblepas (Lair:6)
  A death knight (Vaults:1)
  3 centaur warriors
  25 hydras
  Erica (D:10)
  A queen ant (Lair:6)
  15 two-headed ogres
  Urug (D:10)
  11 alligators
  2 deep troll shamans
  8 death yaks
  4 ogre magi
  A tengu warrior (D:14)
  Sonja (Lair:3)
  A shadow wraith (Vaults:1)
  3 unseen horrors
  5 spriggan druids
  4 deep trolls
  A deep elf archer (Vaults:2)
  A death drake (shapeshifter) (D:12)
  3 wizards
  2 shambling mangroves
  12 swamp dragons
  3 ironbrand convokers (Vaults:1)
  8 orc knights
  9 deep elf magi
  15 orb spiders
  4 lindwurms
  2 necromancers (Vaults:1)
  4 orc sorcerers
  36 ugly things
  31 wolf spiders
  3 manticores
  The ghost of Protee the Conjurer, a novice DrCj of Cheibriados (D:6)
  5 cyclopes
  A stone giant skeleton (Vaults:1)
  A moth of wrath (Spider:4)
  4 centaur zombies
  Joseph (D:10)
  4 torpor snails
  An ice statue (IceCv)
  A spiny frog (shapeshifter) (Vaults:1)
  4 vault sentinels
  14 elephants
  5 centaur skeletons
  7 black mambas
  2 gargoyles (D:15)
  12 komodo dragons
  17 spiny frogs
  A rime drake (Lair:4)
  2 human zombies (Vaults:1)
  2 ice devils (Lair:1)
  A kobold demonologist (D:14)
  16 yaktaurs
  15 demonic crawlers
  4 trolls
  32 jumping spiders
  4 red devils (D:12)
  15 polar bears
  2 tyrant leeches
  Prince Ribbit (D:9)
  12 blink frogs
  19 dream sheep
  12 hippogriffs
  28 slime creatures
  A stone giant simulacrum (Vaults:1)
  15 hornets
  3 bog bodies
  A meliai zombie (D:15)
  2 shadows (D:12)
  111 redbacks
  9 spriggans
  3 wraiths
  19 tarantellas
  3 wyverns
  5 hogs
  33 yaks
  3 basilisks
  4 hungry ghosts
  14 vampire mosquitoes
  24 swamp worms
  5 wargs
  3 acid dragons
  4 insubstantial wisps (Swamp:3)
  14 porcupines
  9 water moccasins
  18 soldier ants
  39 orc warriors
  15 swamp drakes
  2 sky beasts (D:10)
  17 ogres
  2 black bears
  An elf zombie (Vaults:1)
  An ice beast (D:15)
  An orc zombie (Vaults:1)
  35 wolves
  10 boggarts
  An eye of draining (D:11)
  A phantom (D:11)
  10 crocodiles
  20 centaurs
  3 big kobolds
  A gnoll sergeant (D:9)
  11 bullfrogs
  2 human skeletons (Vaults:1)
  2 scorpions
  2 wyvern skeletons
  8 killer bees
  13 wights
  2 electric eels
  3 howler monkeys (D:8)
  10 crimson imps
  3 bullfrog zombies
  4 jellies
  A quasit (D:9)
  12 hounds
  28 orc priests
  2 iguanas
  22 orc wizards
  27 worker ants
  2 hound zombies
  A hound skeleton (D:6)
  15 gnolls
  2 worker ant zombies
  23 adders
  2 oozes (D:3)
  An adder zombie (D:8)
  2 adder skeletons
  A worm (D:4)
  6 leopard geckos
  96 orcs
  2 ball pythons
  4 giant cockroaches
  12 goblins
  12 hobgoblins
  11 jackals
  24 kobolds
  2 quokkas
  9 bats
  2 frilled lizards (D:1)
  A jackal zombie (D:6)
  11 rats
1375 creatures vanquished.

Vanquished Creatures (collateral kills)
  Bai Suzhen (Swamp:3)
  An orc warlord (Orc:2)
  2 death yaks (Lair:4)
  5 ugly things (Vaults:2)
  A bog body (Swamp:3)
  A spriggan (Swamp:3)
  A warg (Orc:2)
  A swamp worm (Swamp:3)
  A boggart (Vaults:2)
  2 orc priests (Orc:2)
  An orc wizard (Orc:2)
  6 orcs
23 creatures vanquished.

Vanquished Creatures (others)
  A hornet (Swamp:2)
  2 spriggans (Swamp:2)
  A water elemental (D:13)
  A yak (IceCv)
  2 humans (Swamp:3)
  3 wolves (IceCv)
  2 electric eels (D:13)
  An iguana (Lair:3)
  15 fungi
  7 plants
35 creatures vanquished.

Grand Total: 1433 creatures vanquished

Notes
Turn   | Place    | Note
-------+----------+-------------------------------------------
     0 | D:1      | ThermosAquaticus the Barachian Berserker began the quest for the Orb.
     0 | D:1      | Reached XP level 1. HP: 18/18 MP: 1/1
   218 | D:1      | Reached XP level 2. HP: 19/24 MP: 2/2
  1009 | D:1      | Reached XP level 3. HP: 29/29 MP: 3/3
  1114 | D:1      | Reached skill level 5 in Long Blades
  1332 | D:2      | Reached XP level 4. HP: 35/35 MP: 4/4
  1630 | D:2      | Reached ** piety under Trog
  2101 | D:2      | Reached XP level 5. HP: 21/41 MP: 5/5
  2389 | D:2      | Found a deep blue altar of Sif Muna.
  3095 | D:3      | Reached XP level 6. HP: 47/47 MP: 6/6
  3293 | D:3      | Found an iron altar of Okawaru.
  3932 | D:4      | Found a staircase to the Ecumenical Temple.
  4107 | D:4      | Reached *** piety under Trog
  4729 | D:5      | Entered Level 5 of the Dungeon
  4835 | D:5      | Reached XP level 7. HP: 51/52 MP: 7/7
  4837 | D:5      | Gained mutation: Your flesh is heat resistant. (rF+) [potion of beneficial mutation]
  5268 | D:5      | Found a shattered altar of Ashenzari.
  5270 | D:5      | Found a hazy altar of Hepliaklqana.
  5993 | D:6      | Noticed Protee's ghost (novice DrCj)
  6013 | D:6      | Killed Protee's ghost
  6013 | D:6      | Reached skill level 5 in Fighting
  6013 | D:6      | Reached skill level 10 in Long Blades
  6013 | D:6      | Reached XP level 8. HP: 40/62 MP: 8/8
  6911 | D:6      | Reached **** piety under Trog
  7263 | D:7      | Noticed a hippogriff
  7281 | D:7      | Killed a hippogriff
  7281 | D:7      | Reached XP level 9. HP: 69/69 MP: 9/9
  7573 | D:7      | Found a sacrificial altar of Ru.
  7675 | D:8      | Reached skill level 5 in Dodging
  7972 | D:8      | Noticed a two-headed ogre
  7985 | D:8      | Killed a two-headed ogre
  7985 | D:8      | Reached skill level 5 in Armour
  7985 | D:8      | Reached XP level 10. HP: 64/76 MP: 10/10
  8095 | D:8      | Paralysed by a hornet for 2 turns
  8242 | D:8      | Paralysed by a hornet for 1 turns
  8275 | D:8      | Noticed Gastronok
  8288 | D:8      | Killed Gastronok
  8558 | D:8      | Found a staircase to the Lair.
  8637 | D:8      | Found Lohipp's Gadget Shoppe.
  8994 | D:9      | Noticed a two-headed ogre
  9005 | D:9      | Killed a two-headed ogre
  9245 | D:9      | Found a glowing golden altar of the Shining One.
  9268 | D:9      | Found a sparkling altar of Nemelex Xobeh.
  9335 | D:9      | Reached XP level 11. HP: 65/81 MP: 11/11
  9497 | D:9      | Noticed a two-headed ogre
  9499 | D:9      | Noticed Prince Ribbit
  9506 | D:9      | Killed a two-headed ogre
  9509 | D:9      | Killed Prince Ribbit
  9509 | D:9      | Reached ***** piety under Trog
  9976 | D:10     | Entered Level 10 of the Dungeon
 10133 | D:10     | Noticed Snorg
 10148 | D:10     | Killed Snorg
 10263 | D:10     | Noticed Urug
 10272 | D:10     | Killed Urug
 10449 | D:10     | Noticed Erica
 10455 | D:10     | Killed Erica
 10715 | D:10     | Noticed Joseph
 10722 | D:10     | Killed Joseph
 11079 | D:11     | Reached XP level 12. HP: 79/92 MP: 12/12
 11262 | D:11     | Noticed a two-headed ogre
 11272 | D:11     | Killed a two-headed ogre
 11358 | D:11     | Found a sparkling altar of Nemelex Xobeh.
 11401 | D:11     | Reached skill level 15 in Long Blades
 11838 | D:11     | Found a staircase to the Orcish Mines.
 11959 | D:11     | Noticed a two-headed ogre
 11965 | D:11     | Killed a two-headed ogre
 12066 | Lair:1   | Entered Level 1 of the Lair of Beasts
 12403 | Lair:1   | Reached skill level 10 in Armour
 12517 | Lair:1   | Found a frozen archway.
 12559 | IceCv    | Entered an ice cave
 12777 | IceCv    | Identified Sif Muna's Catalogue of the Escort and Enchantment
 12946 | IceCv    | Received a gift from Trog
 13103 | IceCv    | Reached skill level 1 in Crossbows
 13103 | IceCv    | Gained mutation: You can hop longer distances. [Barachian growth]
 13103 | IceCv    | Reached XP level 13. HP: 101/101 MP: 13/13
 13130 | IceCv    | Reached skill level 2 in Crossbows
 13301 | IceCv    | Reached skill level 3 in Crossbows
 13316 | IceCv    | Reached skill level 10 in Fighting
 13468 | IceCv    | Noticed a frost giant
 13495 | IceCv    | Reached skill level 4 in Crossbows
 13510 | IceCv    | Killed a frost giant
 14632 | Lair:2   | Reached skill level 5 in Crossbows
 15193 | Lair:3   | Received a gift from Trog
 15223 | Lair:3   | Noticed Sonja
 15384 | Lair:3   | Killed Sonja
 15524 | Lair:3   | Found a basalt altar of Yredelemnul.
 15675 | Lair:3   | Reached skill level 6 in Crossbows
 15751 | Lair:3   | Found a staircase to the Swamp.
 15772 | Lair:3   | Reached skill level 10 in Dodging
 16186 | Lair:4   | Reached ****** piety under Trog
 16209 | Lair:4   | Reached XP level 14. HP: 14/111 MP: 14/14
 16498 | Lair:4   | Found a hole to the Spider Nest.
 16602 | Lair:4   | Reached skill level 7 in Crossbows
 17639 | Lair:5   | Reached skill level 8 in Crossbows
 18180 | Lair:6   | Entered Level 6 of the Lair of Beasts
 18394 | Lair:6   | Received a gift from Trog
 18716 | Lair:6   | Noticed an entropy weaver
 18725 | Lair:6   | Killed an entropy weaver
 18725 | Lair:6   | Reached skill level 9 in Crossbows
 18727 | Lair:6   | Noticed an entropy weaver
 18735 | Lair:6   | Killed an entropy weaver
 18999 | Lair:6   | Reached XP level 15. HP: 108/119 MP: 15/15
 19158 | Lair:6   | Got a faintly humming ring mail
 19159 | Lair:6   | Identified the cursed +0 ring mail "Typsyer" {Dex+4} (You found it on level 6 of the Lair of Beasts)
 19313 | Lair:6   | Reached skill level 10 in Crossbows
 19525 | Lair:6   | Found a viscous altar of Jiyva.
 19525 | Lair:6   | Found a staircase to the Slime Pits.
 19570 | Lair:6   | Received a gift from Trog
 19866 | Orc:1    | Entered Level 1 of the Orcish Mines
 19866 | Orc:1    | Found Syopua's General Store.
 20205 | Orc:2    | Entered Level 2 of the Orcish Mines
 20292 | Orc:2    | Found a roughly hewn altar of Beogh.
 20440 | Orc:2    | Received a gift from Trog
 20605 | Orc:2    | Found a staircase to the Elven Halls.
 20627 | Orc:2    | Found a roughly hewn altar of Beogh.
 20904 | Orc:2    | Found a roughly hewn altar of Beogh.
 20915 | Orc:2    | Found Guby's Weapon Shop.
 20977 | Orc:2    | Received a gift from Trog
 20978 | Orc:2    | Found a roughly hewn altar of Beogh.
 20978 | Orc:2    | Found Kifruwk's Jewellery Shop.
 21034 | Orc:2    | Found a roughly hewn altar of Beogh.
 21102 | Orc:2    | Noticed an orc warlord
 21131 | Orc:2    | Killed an orc warlord
 21131 | Orc:2    | Reached skill level 11 in Crossbows
 21280 | Orc:2    | Found Cuosh's Antique Armour Shop.
 21284 | Orc:2    | Found a roughly hewn altar of Beogh.
 21292 | Orc:2    | Found Atagow's Antique Weapon Boutique.
 21330 | Orc:2    | Upgraded the game from 0.20-a0-464-g526fb3c to 0.20-a0-465-g6513c8f
 21985 | D:12     | Found Qeoruipp's Food Shoppe.
 22389 | D:12     | Reached skill level 12 in Crossbows
 22792 | D:13     | Received a gift from Trog
 23152 | D:13     | You fall through a shaft for 2 floors!
 23152 | D:15     | Entered Level 15 of the Dungeon
 23353 | D:15     | Received a gift from Trog
 23400 | D:15     | Reached skill level 13 in Crossbows
 23407 | D:15     | Reached XP level 16. HP: 32/127 MP: 16/16
 23603 | D:15     | Found a staircase to the Depths.
 23887 | D:15     | Noticed Graouh's ghost (journeyman MiFi)
 23904 | D:15     | Killed Graouh's ghost
 24763 | D:14     | Reached skill level 14 in Crossbows
 24924 | D:14     | Gained mutation: You passively map a small area around you. [potion of beneficial mutation]
 25008 | D:14     | Received a gift from Trog
 25083 | D:14     | Found a shadowy altar of Dithmenos.
 25146 | D:14     | Received a gift from Trog
 25209 | D:14     | Found a gate to the Vaults.
 25883 | Swamp:1  | Entered Level 1 of the Swamp
 26593 | Swamp:1  | Reached skill level 15 in Crossbows
 27455 | Swamp:2  | Received a gift from Trog
 27948 | Swamp:3  | Noticed Bai Suzhen
 27957 | Swamp:3  | Killed Bai Suzhen
 27957 | Swamp:3  | Received a gift from Trog
 27979 | Swamp:3  | HP: 2/127 [spriggan druid/stone arrow (28)]
 28126 | Swamp:3  | Noticed Kirke
 28129 | Swamp:3  | Reached skill level 16 in Crossbows
 28146 | Swamp:3  | Killed Kirke
 28146 | Swamp:3  | Reached XP level 17. HP: 124/133 MP: 17/17
 28810 | Swamp:3  | Received a gift from Trog
 29187 | Spider:1 | Entered Level 1 of the Spider Nest
 29259 | Spider:1 | Reached skill level 17 in Crossbows
 30544 | Spider:2 | Got a slimy plate armour
 30545 | Spider:2 | Identified the +7 plate armour "Ynyxt" {rCorr Int+2 Dex+2} (You found it on level 2 of the Spider Nest)
 30663 | Spider:2 | Received a gift from Trog
 31269 | Spider:3 | Reached skill level 18 in Crossbows
 32122 | Spider:3 | Received a gift from Trog
 32422 | Spider:4 | Entered Level 4 of the Spider Nest
 32452 | Spider:4 | Reached XP level 18. HP: 140/140 MP: 18/18
 32502 | Spider:4 | Received a gift from Trog
 32789 | Spider:4 | Received a gift from Trog
 32997 | Spider:4 | HP: 7/140 [spark wasp (4)]
 33170 | Spider:4 | Noticed Agnes
 33178 | Spider:4 | Killed Agnes
 33178 | Spider:4 | Reached skill level 19 in Crossbows
 33315 | Spider:4 | Noticed Donald
 33334 | Spider:4 | Killed Donald
 33835 | Spider:4 | Received a gift from Trog
 34177 | Spider:4 | Got a gossamer rune of Zot
 34511 | Swamp:4  | Entered Level 4 of the Swamp
 34538 | Swamp:4  | Reached skill level 20 in Crossbows
 34840 | Swamp:4  | Received a gift from Trog
 34947 | Swamp:4  | Reached XP level 19. HP: 127/146 MP: 19/19
 35410 | Swamp:4  | Got a decaying rune of Zot
 35869 | Vaults:1 | Entered Level 1 of the Vaults
 36165 | Vaults:1 | Received a gift from Trog
 36278 | Vaults:1 | Reached skill level 21 in Crossbows
 37412 | Vaults:1 | Received a gift from Trog
 37801 | Vaults:1 | Reached skill level 22 in Crossbows
 38148 | Vaults:1 | Received a gift from Trog
 38151 | Vaults:1 | Got a scorched arbalest {god gift}
 38152 | Vaults:1 | Identified the +3 arbalest of Invincibility {elec, rPois rN+ Int+4} (Trog gifted it to you on level 1 of the Vaults)
 38403 | Vaults:2 | Found a roughly hewn altar of Beogh.
 38567 | Vaults:2 | Reached XP level 20. HP: 144/153 MP: 20/20
 38709 | Vaults:1 | Mangled by an ettin

Vault maps used:
D:1:      tarquinn_simple_flora_water_a
D:2:      led_sif_pool, roderic_lattice_a, minmay_guardbox
D:3:      kennysheep_okawaru_gauntlet
D:4:      minmay_misc_feat_rows
D:5:      chequers_temple_overflow_statue_of_worship, first_bread,
          dk_noncrumbling_3
D:6:      roderic_whirl, lexackson_kobold_supper
D:7:      nicolae_ru_path_of_blood
D:8:      grunt_lair_entry_orc_guard_hut, serial_shops, shop,
          hangedman_pestilent_swarm, uniq_gastronok
D:9:      nicolae_tso_carved_into_rock, basic_altar, uniq_prince_ribbit1
D:10:     kennysheep_generic_room_2, uniq_joseph, uniq_urug, uniq_snorg,
          uniq_erica
D:11:     david_orc_4, basic_altar, minmay_unpleasant_kobolds
D:12:     serial_shops, kennysheep_mini, einodemon_armed_red_devil_minivault
D:13:     lemuel_freeze_loot_1
D:14:     david_vaults_1, basic_altar, hangedman_abyss_or_decor_passed
D:15:     grunt_enter_depths_hoard, roderic_roman_lattice
Lair:1:   portal_ice_cave_demonic_guard, grunt_megastairs_2, lemuel_fruit_tree
Lair:3:   beast_lair_carwin_large_1, minmay_swamp_entry_reptiles, basic_altar,
          uniq_sonja
Lair:4:   spider_nest_entry_web_field
Lair:5:   serial_bayou_shore_b
Lair:6:   grunt_lair_end_beastmaster, dpeg_slime_entry_enclosed_altar,
          zaba_antful_of_joy
Swamp:1:  evilmike_swamp_ruin_house_3
Swamp:2:  evilmike_swamp_ruin_rubble_1
Swamp:3:  infiniplex_staircase_pool_2, swamp_pool2, cheibrodos_swamp_slimy,
          uniq_bai_suzhen, uniq_kirke
Swamp:4:  swamp_alternative, swamp_pool2
Spider:4: grunt_spider_rune_circles, uniq_donald, uniq_agnes
Orc:1:    serial_shops, shop, abandoned_shop, minmay_orc_barracks, uniq_harold
Orc:2:    grunt_orc_community_town_hall, grunt_orc_community_big_house_1,
          grunt_orc_community_big_house_1, grunt_orc_community_house_1,
          grunt_orc_community_house_3, grunt_orc_community_house_1,
          grunt_orc_community_house_2, grunt_orc_community_house_2, basic_altar
Vaults:1: nicolae_vaults_theta, v_misc_16, nicolae_vaults_rhombus_7,
          ontoclasm_vaults_shout, v_misc_27, vaults_mumra_hex,
          nicolae_vaults_little_squares_6
Vaults:2: hangedman_vaults_unwind, ontoclasm_vaults_loading_screen,
          vaults_mumra_minichess_inversion, nicolae_vaults_little_ls,
          nicolae_vaults_little_squares_2,
          nicolae_vaults_windows_and_doors_thing, special_room_vaults,
          hangedman_vaults_restitches, nicolae_vaults_little_squares_4,
          nicolae_vaults_three_branches, vaults_room_semicircle,
          nicolae_vaults_angled_halls
IceCv:    ice_cave_caverns_02

Skill      XL: |  1  2  3  4  5  6  7  8  9 10 11 12 13 14 15 16 17 18 19 |
---------------+----------------------------------------------------------+-----
Long Blades    | 4 5 6 7 8 10 11 12 13 14 16 | 16.0
Fighting       | 5 6 8 9 10 11 12 | 12.0
Dodging        | 3 5 8 9 10 | 10.8
Armour         | 5 8 10 11 13 | 13.0
Crossbows      | 1 6 9 13 16 18 20 22 | 22.5

Action                   |  1- 3 |  4- 6 |  7- 9 | 10-12 | 13-15 | 16-18 | 19-21 || total
-------------------------+-------+-------+-------+-------+-------+-------+-------++-------
Melee: Falchion          |    58 |   295 |   366 |   100 |       |       |       ||   819
       Scimitar          |       |       |       |   178 |       |       |       ||   178
       Long sword        |       |       |       |    21 |       |       |       ||    21
       Double sword      |       |       |       |   389 |  1375 |   880 |    11 ||  2655
 Fire: Arbalest          |       |       |       |       |       |   732 |   365 ||  1097
       Triple crossbow   |       |       |       |       |       |       |   159 ||   159
Invok: Berserk           |     2 |     6 |     8 |    19 |    11 |    12 |       ||    58
       Brothers in Arms  |       |       |       |     1 |     2 |     1 |     1 ||     5
       Trog's Hand       |       |       |       |       |       |     1 |       ||     1
 Abil: Hop               |       |       |     1 |     2 |     2 |     5 |     2 ||    12
Evoke: Wand              |       |       |       |       |     5 |       |       ||     5
  Use: Scroll            |       |     5 |     9 |     9 |    18 |     7 |    13 ||    61
       Potion            |       |     1 |     1 |       |     3 |     9 |     4 ||    18
 Stab: Sleeping          |     1 |       |       |       |       |       |       ||     1
       Distracted        |       |       |       |     1 |       |       |       ||     1
       Paralysed         |       |       |       |       |     2 |       |       ||     2
       Petrified         |       |       |       |       |     1 |       |       ||     1
       Confused          |       |       |       |       |       |     1 |       ||     1
  Eat: Chunk             |     4 |    18 |    16 |    33 |    48 |    34 |    11 ||   164
       Pizza             |       |       |     1 |     2 |       |       |       ||     3
       Royal jelly       |       |       |       |     1 |     2 |     5 |     1 ||     9
       Bread ration      |       |       |       |       |       |     2 |       ||     2
Armor: Animal skin       |     9 |     1 |       |       |       |       |       ||    10
       Ring mail         |       |   114 |    77 |       |       |       |       ||   191
       Chain mail        |       |       |    36 |   389 |    76 |       |       ||   501
       Plate armour      |       |       |       |       |   665 |   884 |   263 ||  1812
       Fire dragon scale |       |       |       |       |       |       |     5 ||     5
Dodge: Dodged            |    37 |   184 |   153 |   325 |   589 |   630 |   204 ||  2122
       Rpst.: Falchion   |    15 |    53 |    45 |     7 |       |       |       ||   120
       Long sword        |       |       |       |     4 |       |       |       ||     4
       Scimitar          |       |       |       |    16 |       |       |       ||    16
       Double sword      |       |       |       |    53 |   150 |   100 |       ||   303
